 Dungeon Crawl Stone Soup version 0.23.0-3-gf3c87f2 (webtiles) character file.

Game seed: 3772802405774679927

593 Fang the Skirmisher (level 7, 0/44 HPs)
             Began as a Gargoyle Berserker on Feb 21, 2019.
             Was a Believer of Trog.
             Slain by a howler monkey (4 damage)
             ... on level 4 of the Dungeon.
             The game lasted 00:05:34 (4299 turns).

Fang the Skirmisher (Gargoyle Berserker)            Turns: 4299, Time: 00:05:34

Health: 0/44       AC: 11    Str: 23    XL:     7   Next: 39%
Magic:  7/7        EV: 12    Int:  7    God:    Trog [**....]
Gold:   118        SH:  0    Dex:  9    Spells: 6/6 levels left

rFire    + + .     SeeInvis .   a - +0 hand axe
rCold    . . .     Gourm    .   (no shield)
rNeg     + . .     Faith    .   t - +1 ring mail {rF+}
rPois    ∞         Spirit   .   (no helmet)
rElec    +         Reflect  .   (no cloak)
rCorr    .         Harm     .   (no gloves)
MR       .....                  (no boots)
Stlth    +.........             m - amulet of magic regeneration
HPRegen  0.14/turn              n - ring of protection from fire
MPRegen  0.35/turn              p - ring of stealth

@: berserk cooldown, slowed, very slow
A: negative energy resistance 1, electricity resistance, unbreathing,
petrification resistance, rot immunity, AC +4
a: Berserk, Trog's Hand, Renounce Religion


You were on level 4 of the Dungeon.
You worshipped Trog.
Trog was pleased with you.
You were very hungry.

You visited 1 branch of the dungeon, and saw 4 of its levels.

You collected 118 gold pieces.

Inventory:

Hand Weapons
 a - a +0 hand axe (weapon)
Armour
 t - a +1 ring mail of fire resistance (worn)
Jewellery
 m - an amulet of magic regeneration (around neck)
 n - a ring of protection from fire (left hand)
 p - a ring of stealth (right hand)
 q - an uncursed ring of magical power
Wands
 i - a wand of iceblast (11)
Scrolls
 d - a scroll of identify
 e - a scroll of magic mapping {unknown}
 f - a scroll of amnesia {unknown}
 j - a scroll of enchant weapon {unknown}
 k - 2 scrolls of remove curse
 v - 2 scrolls of teleportation {unknown}
Potions
 b - a potion of magic {unknown}
 g - 5 potions of curing {unknown}
 h - a potion of brilliance
 l - a potion of degeneration {unknown}
 o - a potion of mutation {unknown}
 s - a potion of resistance {unknown}
 u - a potion of lignification {unknown}
Comestibles
 c - 9 rations
 r - 7 chunks of flesh


   Skills:
 + Level 5.3 Fighting
 + Level 4.3 Axes
 + Level 4.7 Armour
 + Level 3.4 Dodging


You had 6 spell levels left.
You didn't know any spells.
Your spell library was empty.

Dungeon Overview and Level Annotations

Branches:
Dungeon (4/15)
 Temple: D:4-7

Altars:
Cheibriados
Nemelex Xobeh
Sif Muna
Vehumet
Yredelemnul

Shops:
D:4 *


Innate Abilities, Weirdness & Mutations

You are resistant to torment.
Your stone body is resilient. (AC +4)
You are immune to poison.
You resist negative energy. (rN+)
You are resistant to electric shocks. (rElec)
You can survive without breathing.
You are immune to petrification.
You are immune to rotting.


Message History

a +0 whip; a +0 scale mail; a +0 buckler; an orc corpse You feel a strong urge to attack something.
You are no longer berserk.
You are exhausted.
You feel yourself slow down.
Found 18 stones.
A howler monkey comes into view.
Items here: ) [[ † a +0 whip; a +0 scale mail; a +0 buckler; an orc corpse You butcher the orc corpse.
The howler monkey howls!
Items here: % ) [[ ÷ a +0 whip; a +0 scale mail; a +0 buckler; a chunk of flesh; an orc skeleton You hit the howler monkey but do no damage.
The howler monkey hoots and howls with incredible vigour!
The howler monkey hits you.
* * * LOW HITPOINT WARNING * * *
You hear a shout!
You closely miss the howler monkey. The howler monkey hits you.
You die...

. ..♣ # #(..### .# .
#...## .# .# ..
#.♣..#..#.# #..
#..♣.#...# #...##..h..#
#...###@### #.......#
##.###.### #...(...#
#####.#.# ####.#.#
############......#
..................####.#
############.PPP.......#


You could see a howler monkey.

Vanquished Creatures
  2 ogres (D:4)
  2 jellies (D:3)
  2 iguanas (D:4)
  Natasha (D:4)
  2 worker ants (D:4)
  A hound skeleton (D:4)
  8 adders
  A shadow imp (D:4)
  9 oozes
  5 dart slugs
  3 leopard geckos
  10 orcs
  3 ball pythons
  5 giant cockroaches
  5 goblins
  12 hobgoblins
  2 jackals (D:4)
  A quokka (D:2)
  4 bats
  7 frilled lizards
  14 kobolds
  A leopard gecko skeleton (D:4)
  7 rats
107 creatures vanquished.

Vanquished Creatures (others)
  11 toadstools (D:3)
11 creatures vanquished.

Grand Total: 118 creatures vanquished

Notes
Turn   | Place    | Note
-------+----------+-------------------------------------------
     0 | D:1      | Fang the Gargoyle Berserker began the quest for the Orb.
     0 | D:1      | Reached XP level 1. HP: 14/14 MP: 1/1
   263 | D:1      | Reached XP level 2. HP: 19/19 MP: 2/2
   856 | D:1      | Reached XP level 3. HP: 24/24 MP: 3/3
   892 | D:1      | Reached ** piety under Trog
  1085 | D:2      | HP: 1/24 [adder (1)]
  1174 | D:2      | Reached XP level 4. HP: 7/29 MP: 4/4
  1552 | D:2      | Reached skill level 4 in Fighting
  1766 | D:2      | Found a basalt altar of Yredelemnul.
  1766 | D:2      | Found a radiant altar of Vehumet.
  1774 | D:2      | Found a snail-covered altar of Cheibriados.
  1776 | D:2      | Found a deep blue altar of Sif Muna.
  1778 | D:2      | Found a faded altar of an unknown god.
  1966 | D:3      | Found a sparkling altar of Nemelex Xobeh.
  1987 | D:3      | Reached XP level 5. HP: 15/33 MP: 5/5
  2390 | D:3      | Reached XP level 6. HP: 17/39 MP: 6/6
  3197 | D:4      | Reached skill level 5 in Fighting
  3656 | D:4      | HP: 1/60 [ogre/+0 giant club (6)]
  3658 | D:4      | Reached XP level 7. HP: 1/44 MP: 7/7
  3963 | D:4      | Noticed Natasha
  3982 | D:4      | Killed Natasha
  4208 | D:4      | Found Coacuel's Assorted Antiques.
  4299 | D:4      | Slain by a howler monkey

Skill      XL: |  1  2  3  4  5  6 |
---------------+-------------------+-----
Axes           | 3 4 |  4.3
Dodging        | 2 3 |  3.4
Armour         | 3 4 |  4.7
Fighting       | 4 5 |  5.3

Action                   |  1- 3 |  4- 6 |  7- 9 || total
-------------------------+-------+-------+-------++-------
Melee: Hand axe          |    94 |   208 |    74 ||   376
Invok: Berserk           |       |     4 |     1 ||     5
  Use: Scroll            |       |     3 |       ||     3
 Stab: Sleeping          |       |     2 |       ||     2
  Eat: Chunk             |     1 |     7 |     3 ||    11
       Ration            |       |     1 |       ||     1
Armor: Animal skin       |    29 |    79 |    11 ||   119
       Ring mail         |       |       |    22 ||    22
Dodge: Dodged            |    70 |   158 |    37 ||   265
